Cogmind - Beta 16 @@@ ROGUE MODE // 2025.12.06 @ 17:15:42 Player: Red Box Result: Destroyed by PG-1ZP(R) with Subdweller Laser Performance ------------- Evolutions (0) 0 Regions Visited (3) 600 Robots Destroyed (35) 175 Value Destroyed (735) 735 Prototype IDs (2) 40 Alien Tech Used (0) 0 Bonus (0) 0 TOTAL SCORE: 1550 Bonus ------- None Cogmind --------- Core Integrity 0/250 Matter 234/300 Energy 103/125 System Corruption 0% Temperature Cool (6) Movement Treading (240) Ox1 Location -10/Subcaves Parts ------- > --- POWER (1) -------- Light Ion Engine > --- PROPULSION (2) --- Light Treads Wheel > --- UTILITY (2) ------ Large Storage Unit Light Armor Plating > --- WEAPON (2) ------- Beam Cannon Grenade Launcher > --- INVENTORY (15) --- Light Treads Improved Heat Sink Improved Heat Sink High-capacity Matter Pod (200) Improved Terrain Scanner Particle Gun Beam Cannon Beam Cannon Subdweller Machine Gun Rocket Launcher Datajack Mining Laser Peak State ------------ > --- POWER ------------ Light Nuclear Core > --- PROPULSION ------- Light Treads Wheel > --- UTILITY ---------- Large Storage Unit Improved Terrain Scanner > --- WEAPON ----------- Light Cannon Light Cannon > --- INVENTORY -------- Light Treads Light Treads Improved Heat Sink Improved Heat Sink High-capacity Matter Pod Light Armor Plating Hacking Suite Beam Cannon Beam Cannon Beam Cannon Subdweller Machine Gun Grenade Launcher Grenade Launcher Datajack Mining Laser [Rating: 13] Favorites ----------- Power Light Ion Engine Engine Light Ion Engine Power Core Light Nuclear Core Propulsion Aluminum Leg Treads Light Treads Leg Aluminum Leg Wheel Wheel Utility Large Storage Unit Device Improved Terrain Scanner Storage Large Storage Unit Hackware Hacking Suite Protection Light Armor Plating Weapon Light Cannon Energy Gun EM Pulse Gun Energy Cannon Beam Cannon Ballistic Gun Light Assault Rifle Ballistic Cannon Light Cannon Launcher Grenade Launcher Special Weapon Mining Laser Build | -11 -10 -10 -10 ------- Run | Yrd Mat Min Sub Slots Evolved . | . . . . Power . | . . . . Propulsion . | . . . . Utility . | . . . . Weapon . | . . . . Parts Attached 28 | 7 13 6 2 Power 4 | 1 2 1 . Engine 3 | 1 1 1 . Core 1 | . 1 . . Reactor . | . . . . Propulsion 7 | 2 3 2 . Treads 2 | . 1 1 . Leg 3 | 2 1 . . Wheel 2 | . 1 1 . Hover . | . . . . Flight . | . . . . Utility 7 | 2 3 2 . Device 2 | 1 1 . . Storage 3 | 1 2 . . Processor . | . . . . Hackware 1 | . . 1 . Protection 1 | . . 1 . Artifact . | . . . . Weapon 10 | 2 5 1 2 Energy Gun 1 | . 1 . . Energy Cannon 2 | . . 1 1 Ballistic Gun 2 | 2 . . . Ballistic Cannon 2 | . 2 . . Launcher 2 | . 1 . 1 Special Weapon 1 | . 1 . . Impact Weapon . | . . . . Slashing Weapon . | . . . . Piercing Weapon . | . . . . Special Melee Weapon . | . . . . Unidentified Prototypes . | . . . . Parts Lost 6 | . 1 3 2 Power 2 | . 1 1 . Propulsion 2 | . . 1 1 Utility . | . . . . Weapon 2 | . . 1 1 Highest Loss Streak 3 | . 1 3 1 To Critical Strikes 1 | . 1 . . Average Backups 11 | 5 10 13 13 Power . | . . . . Propulsion 2 | 3 2 2 1 Utility 3 | . 2 4 4 Weapon 5 | 1 5 6 6 Tool/Special . | . . . . Unused Backups 13 | . 4 . 9 Power . | . . . . Propulsion 2 | . 1 . 1 Utility 3 | . . . 3 Weapon 7 | . 3 . 4 Tool/Special 1 | . . . 1 Average Slot Usage (%) 97 | . 95 99 100 Engine 9 | . 7 11 14 Core 2 | . 3 1 . Treads 9 | . 5 14 14 Leg 9 | . 17 . . Wheel 9 | . 5 13 14 Device 10 | . 14 7 . Storage 14 | . 14 14 14 Protection 3 | . . 6 14 Energy Gun 1 | . 2 . . Energy Cannon 6 | . . 12 15 Ballistic Gun 2 | . 5 . . Ballistic Cannon 16 | . 18 15 11 Peak Build Rating 13 | 9 12 13 9 Average Rating 9 | 5 10 10 8 On Entrance 7 | . 9 12 9 Avg Prop Armor Cover (%) 8 | . 9 8 9 Naked Turns . | . . . . Heaviest Build 32 | 12 32 32 32 Greatest Support 40 | 20 20 40 10 Greatest Overweight (x) 3 | 2 3 3 3 Average Overweight (x) 1 | . 1 1 3 Largest Inventory Capacity 15 | 8 15 15 15 Average Capacity 13 | 7 12 15 15 Most Carried 15 | 8 13 15 14 Average Carried 11 | 5 10 13 13 Final Capacity 15 | 8 15 15 15 Final Carried 14 | 8 13 14 12 Class Distribution -------------------- 84% | Mutant 15% | Scavenger-Mutant Dominant Class ---------------- Mutant | -10/Materials Mutant | -10/Mines Mutant | -10/Subcaves Resources | -11 -10 -10 -10 ----------- Run | Yrd Mat Min Sub Matter Collected 1331 | 326 678 327 . Remotely . | . . . . Salvage Created 1033 | 219 509 237 68 Parts 76 | 20 40 13 3 Haulers Intercepted 2 | . 2 . . Recyclers Shooed . | . . . . Parts Field Recycled . | . . . . Retrieved Matter . | . . . . Parts Self-Destructed 5 | . . . 5 Prevented . | . . . . Parts Restored . | . . . . Kills | -11 -10 -10 -10 ------- Run | Yrd Mat Min Sub Combat Hostiles Destroyed 30 | . 13 15 2 Guns 6 | . 6 . . Cannons 22 | . 7 14 1 AOE 2 | . . 1 1 Classes Destroyed 10 | 2 6 2 . Worker 1 | . 1 . . Builder 1 | . . 1 . Tunneler 7 | 7 . . . Hauler 2 | . 2 . . Recycler 2 | 1 1 . . Watcher 2 | . 2 . . Swarmer 6 | . 6 . . Grunt 10 | . 5 5 . Subdweller 4 | . 2 . 2 Assembled 10 | . . 10 . Best Kill Streak 5 | 5 3 4 1 Combat Bots Only 4 | . 3 4 1 Max Kills in Single Turn 2 | 2 2 1 1 Gunslinging . | . . . . Exploded 1 | . . 1 1 Melee . | . . . . Uniques/NPCs Destroyed . | . . . . Combat | -11 -10 -10 -10 -------- Run | Yrd Mat Min Sub Hostile Shots Fired 125 | . 59 45 21 Missed 33 | . 18 11 4 Hits 92 | . 41 34 17 Melee 1 | . . 1 . Projectile 91 | . 41 33 17 Critical Strikes 3 | . 2 1 . Damage Taken 1301 | . 438 485 378 Core 259 | . 82 84 93 Absorbed by Shields . | . . . . Regen/Repaired (Parts) 44 | . 44 . . Core Remaining (%) 100 | 100 . . . Volleys Fired 136 | 18 66 41 11 Largest 2 | 2 2 2 2 Hottest 120 | 40 100 90 120 Shots Fired 263 | 32 128 81 22 Gun 106 | 32 74 . . Cannon 151 | . 50 80 21 Launcher 3 | . 1 1 1 Special 3 | . 3 . . Kinetic 193 | 32 104 53 4 Thermal 47 | . 3 27 17 Explosive 3 | . 1 1 1 Electromagnetic 20 | . 20 . . Robot Hit Streak 15 | 9 8 15 10 Robot Miss Streak 7 | 1 7 4 1 Penetration Max . | . . . . Secondary Targets . | . . . . Shots Hit Robots 157 | 21 64 53 19 Core Hits 69 | 10 30 25 4 Critical Kills 1 | . 1 . . Critical Parts Destroyed . | . . . . Critical Strikes 4 | . 3 1 . Destroy 1 | . 1 . . Blast 2 | . 1 1 . Corrupt 1 | . 1 . . Melee Attacks . | . . . . Impact . | . . . . Slashing . | . . . . Piercing . | . . . . Sneak Attacks . | . . . . Combat Hostiles . | . . . . Follow-up Attacks . | . . . . Damage Inflicted 2683 | 223 1036 1025 399 Guns 648 | 223 425 . . Cannons 1805 | . 547 943 315 Explosions 227 | . 61 82 84 Melee . | . . . . Ramming 3 | . 3 . . Kinetic 1632 | 223 751 604 54 Thermal 600 | . . 339 261 Explosive 227 | . 61 82 84 Electromagnetic 221 | . 221 . . Impact . | . . . . Slashing . | . . . . Piercing . | . . . . Highest Corruption . | . . . . Average Corruption . | . . . . Corruption Purged . | . . . . Corruption Blocked . | . . . . Overload Shots . | . . . . Overflow Damage 15 | . 11 4 . Projectiles 15 | . 11 4 . Explosions . | . . . . Melee . | . . . . Knockbacks 14 | . 6 8 . Impact . | . . . . Kinetic 12 | . 5 7 . Secondary 2 | . 1 1 . Self-Inflicted Damage 26 | . . 13 13 Shots 2 | . . 1 1 Rammed . | . . . . Targets Rammed 1 | . 1 . . Kicked 1 | . 1 . . Crushed . | . . . . Highest Temperature 290 | . 96 290 30 Average Temperature 65 | . 25 91 13 Received Heat Transfer 414 | . 132 204 78 Siege Activations . | . . . . Martial Activations . | . . . . Shielding Activations . | . . . . Robots Disrupted . | . . . . Combat Hostiles . | . . . . Robots Corrupted . | . . . . Combat Hostiles . | . . . . Parts Fried . | . . . . Impact Corruptions . | . . . . Robots Melted . | . . . . Combat Hostiles . | . . . . Parts Melted . | . . . . Heat Transferred 1258 | . . 703 555 Parts Sabotaged . | . . . . Parts Stolen . | . . . . Parts Stripped . | . . . . Power Chain Reactions . | . . . . Alert | -11 -10 -10 -10 ------- Run | Yrd Mat Min Sub Maximum Alert Level . | . . . . Low Security (%) 100 | 100 100 100 . Level 1 . | . . . . Level 2 . | . . . . Level 3 . | . . . . Level 4 . | . . . . Level 5 . | . . . . High Security . | . . . . Max Security . | . . . . Peak Influence 85 | 20 85 57 . Initial 27 | . 6 27 . Average 18 | 2 29 5 . Influence Increases 709 | 40 513 156 . Destroy 0b10 Robot/C 320 | . 220 100 . Destroy 0b10 Robot/NC 75 | 40 30 5 . Destroy Leader 78 | . 58 20 . Successful Hack 68 | . 63 5 . Select Force Hacks 60 | . 60 . . Disable Machine 30 | . 30 . . Destroy Structure 18 | . 7 11 . Lose Combat Pursuer 60 | . 45 15 . Influence Decreases 709 | 30 453 226 . Entered New Map 47 | . 4 43 . Time Decay 642 | 30 439 173 . Lost Part 10 | . 10 . . Lost Ally 10 | . . 10 . Squads Dispatched 4 | . 4 . . Investigation 3 | . 3 . . Extermination . | . . . . Reinforcement 1 | . 1 . . Assault . | . . . . Garrison . | . . . . Intercept . | . . . . Searches Triggered . | . . . . Construction Impeded . | . . . . Haulers Reinforced . | . . . . Active Scanning Responses . | . . . . Cargo Convoy Interrupts . | . . . . Stealth | -11 -10 -10 -10 --------- Run | Yrd Mat Min Sub Distress Signals 1 | . . 1 . Communications Jammed . | . . . . Distress Signals . | . . . . Times Spotted 43 | . 24 15 4 Peak Tracking Total 3 | . 3 2 3 Tactical Retreats 4 | . 2 2 . Traps | -11 -10 -10 -10 ------- Run | Yrd Mat Min Sub Traps Triggered . | . . . . Indirectly . | . . . . Trap Hack Attempts . | . . . . Triggered . | . . . . Disarmed . | . . . . Reprogrammed . | . . . . Reused . | . . . . Traps Extracted . | . . . . Installed . | . . . . Triggered . | . . . . Machines | -11 -10 -10 -10 ---------- Run | Yrd Mat Min Sub Machines Disabled 2 | . 2 . . Max in Single Turn 1 | . 1 . . Machines Repaired . | . . . . Machines Dismantled . | . . . . Machines Sabotaged . | . . . . Overloaded Fab Kills . | . . . . Hacking | -11 -10 -10 -10 --------- Run | Yrd Mat Min Sub Machines Accessed 11 | . 10 1 . Terminals 8 | . 7 1 . Fabricators . | . . . . Repair Stations 1 | . 1 . . Recycling Units 2 | . 2 . . Scanalyzers . | . . . . Garrison Access . | . . . . Total Hacks 55 | . 51 4 . Successful 27 | . 26 1 . Failed 27 | . 24 3 . Catastrophic 1 | . 1 . . Database Lockouts 1 | . 1 . . Manual 36 | . 32 4 . Terminals 39 | . 35 4 . Fabricators . | . . . . Repair Stations 5 | . 5 . . Recycling Units 11 | . 11 . . Scanalyzers . | . . . . Garrison Access . | . . . . Terminal Hacks 7 | . 6 1 . Robot Analysis 2 | . 1 1 . Prototype ID Bank 1 | . 1 . . Terminal Index 1 | . 1 . . Locate Traps 1 | . 1 . . Hauler Manifests 1 | . 1 . . Zone Layout 1 | . 1 . . Fabricator Hacks . | . . . . Repair Station Hacks 2 | . 2 . . Scan Component 1 | . 1 . . Repair 1 | . 1 . . Recycling Unit Hacks 2 | . 2 . . Retrieve Components 2 | . 2 . . Scanalyzer . | . . . . Garrison Access Hacks . | . . . . Unauthorized Hacks 16 | . 16 . . Terminals 10 | . 10 . . Track 1 | . 1 . . Assimilate 2 | . 2 . . Botnet 1 | . 1 . . Operators 1 | . 1 . . Skim 5 | . 5 . . Fabricators . | . . . . Repair Stations . | . . . . Recycling Units 6 | . 6 . . Monitor 1 | . 1 . . Reject 1 | . 1 . . Recyclers 1 | . 1 . . Mask 1 | . 1 . . Tunnel 2 | . 2 . . Scanalyzers . | . . . . Garrison Access . | . . . . Data Cores Recovered . | . . . . Used . | . . . . Hacking Detections 10 | . 9 1 . Full Trace Events 2 | . 1 1 . Feedback Events . | . . . . Feedback Blocked . | . . . . Robot Schematics Acquired . | . . . . Robots Built . | . . . . Authchips . | . . . . Time . | . . . . Total Robot Build Rating . | . . . . Part Schematics Acquired . | . . . . Parts Built . | . . . . Authchips . | . . . . Time . | . . . . Total Part Build Rating . | . . . . Part Studies Acquired . | . . . . Parts Repaired 1 | . 1 . . Time 13 | . 13 . . Parts Recycled . | . . . . Recycled Matter . | . . . . Retrieved Matter . | . . . . Retrieved Components 8 | . 8 . . Parts Scanalyzed . | . . . . Part Schematics Acquired . | . . . . Parts Damaged . | . . . . Bothacking | -11 -10 -10 -10 ------------ Run | Yrd Mat Min Sub Used RIF Installer . | . . . . Robots Hacked . | . . . . Non-combat . | . . . . Combat . | . . . . Robot Hacks Applied . | . . . . Relay Couplers Released . | . . . . Fabnet Peak Effective % . | . . . . Robots Rewired . | . . . . Allies Hacked . | . . . . Hacks Repelled . | . . . . Allies | -11 -10 -10 -10 -------- Run | Yrd Mat Min Sub Total Allies 1 | . 1 . . Largest Group 1 | . 1 . . Highest-Rated Group 10 | . 10 . . Highest-Rated Ally 10 | . 10 . . Total Orders 5 | . 5 . . STAY 3 | . 3 . . FOLLOW 2 | . 2 . . Ally Attacks . | . . . . Total Damage . | . . . . Kills . | . . . . Allies Corrupted . | . . . . Allies Melted . | . . . . Intel | -11 -10 -10 -10 ------- Run | Yrd Mat Min Sub Active Infowar (turns) 3057 | 6 2222 829 . Terrain 3057 | 6 2222 829 . Robot Analysis Total 2 | . 1 1 . Derelict Logs Recovered 1 | . . 1 . Drone Launches . | . . . . Drone Recoveries . | . . . . Exploration | -11 -10 -10 -10 ------------- Run | Yrd Mat Min Sub Turns Passed 4410 | 219 2222 1615 354 Spaces Moved 2319 | 77 1256 742 244 Core 8 | 8 . . . Treads 408 | . 150 258 . Legs 806 | 69 737 . . Wheels 1097 | . 369 484 244 Hover . | . . . . Flight . | . . . . Fastest Speed 50 | 50 110 110 125 Average Speed 147 | 119 149 155 125 Slowest Speed 240 | 150 240 240 125 Overloaded Moves . | . . . . Propulsion Burnouts . | . . . . Robots Hopped . | . . . . Potential Cave-ins . | . . . . Cave-ins Triggered . | . . . . Exploration Rate (%) 55 | 4 98 96 23 Regions Visited 3 Branch Regions 2 Pre-discovered Areas 4 | . 3 1 . Known Exits Taken 1 | . . 1 . Unknown Exits Taken 2 | 1 1 . . Scrap Searched 2 | . . 2 . Spaces Dug 3 | . 3 . . Terrain Destroyed 20 | . 6 12 2 Melee . | . . . . Projectile 4 | . 3 1 . AOE 16 | . 3 11 2 Terrain Rammed . | . . . . Walls Destroyed . | . . . . Machines Disabled . | . . . . Actions | -11 -10 -10 -10 --------- Run | Yrd Mat Min Sub Total 3037 | 173 1473 1122 269 Wait 496 | 63 101 323 9 Move 2316 | 76 1255 741 244 Hop . | . . . . Pick Up 30 | 9 16 5 . Fast Attach 8 | 6 1 1 . Attach 12 | 1 6 3 2 Detach 1 | . . 1 . Swap 22 | . 13 6 3 Drop 15 | . 14 1 . Fire 136 | 18 66 41 11 Melee . | . . . . Ram . | . . . . Kick 1 | . 1 . . Crush . | . . . . Escape Stasis . | . . . . Rewire . | . . . . Trap . | . . . . Miscellaneous . | . . . . Route ------- -11/Scrapyard -10/Materials (discovered 5 exits: *Mat x3 / *Min / Sub) -10/Mines (discovered 3 exits: *Mat x2 / *Sub) -10/Subcaves (discovered 3 exits: Mat x2 / Rec) History --------- Turn | Location | Event 21 | -11/Scrapyard | Discovered new exit (range 16) 220 | -11/Scrapyard | Entered Materials 308 | -10/Materials | Build established: Mutant 446 | -10/Materials | Discovered new exit (range 8) 720 | -10/Materials | Derelicts attacked the area 886 | -10/Materials | Central database locked down 886 | -10/Materials | Discovered new exit (range 20) 886 | -10/Materials | Discovered new exit (range 21) 939 | -10/Materials | Discovered new exit (range 12) 968 | -10/Materials | Loaded intel: 12 trap records 996 | -10/Materials | Learned Storage security intel 1027 | -10/Materials | Learned 4 Recycling zone layouts 1030 | -10/Materials | Learned location of 2 exits from Subcaves 1063 | -10/Materials | Identified exit to Subcaves 1686 | -10/Materials | Repaired Lgt. Cannon 2442 | -10/Materials | Entered Mines 2442 | -10/Mines | Accompanied by 1 ally 2443 | -10/Mines | Identified exit to Materials 2589 | -10/Mines | Learned location of Storage (-9) 2689 | -10/Mines | Lost 3 parts (1p1n1w) 3010 | -10/Mines | Discovered exit to Subcaves (range 10) 3047 | -10/Mines | Build established: Scavenger-Mutant 3151 | -10/Mines | Assembled infested the area 3331 | -10/Mines | Core integrity fell below 50% 3452 | -10/Mines | Learned Materials security intel 3556 | -10/Mines | Build established: Mutant 3603 | -10/Mines | Received a Rocket Launcher from a helpful Derelict 4057 | -10/Mines | Entered Subcaves 4058 | -10/Subcaves | Identified exit to Materials 4059 | -10/Subcaves | Identified exit to Recycling 4388 | -10/Subcaves | A Subdweller sparked back to life 4388 | -10/Subcaves | A Subdweller sparked back to life 4388 | -10/Subcaves | A Subdweller sparked back to life 4397 | -10/Subcaves | Core integrity fell below 20% 4411 | -10/Subcaves | Destroyed by PG-1ZP(R) with Subdweller Laser Last Messages --------------- GOAL=ESCAPE Loading 1 Materials entrance... Loading 2 Subcaves exits... 04104_ A6-QD2(R) heat damages Sub. Power Source. 04106_ Flight Unit fries itself beyond repair. 04111_ A6-QD2(R) destroyed. 04113_ Lgt. Assault Rifle fries itself beyond repair. 04353_ Lgt. Cannon destroyed. 04360_ T5-8R6(R) destroyed. 04366_ Subatomizers dissect the Sub. Optics. 04388_ PG-1ZP(R) creaks and sparks as it begins to move. 04388_ XS-MUV(R) creaks and sparks as it begins to move. 04388_ G9-WRZ(R) creaks and sparks as it begins to move. 04391_ Subatomizers dissect the Sub. Optics. 04395_ G9-WRZ(R) destroyed. 04402_ Lgt. Treads destroyed. Map ----- +----------------------------------------------------+ | ?????????????????????????????????????????????????? | | ?????????????????????????????????????????????????? | | ?????????????????????????????????????????????????? | | ?????????????????????????????????????????????????? | | ?????????????????????????????????????????????????? | | ?????????????????????????????????????????????????? | | ?????????????????????????????????????????????????? | | ?????????????????????????????????????????????????? | | ?????????????????????????????????????????????????? | | ?????????????????????????????????????????????????? | | ?????????????????????????????????????????????????? | | ?????????????????????????????????????????????????? | | ?????????????????????????????????????????????????? | | ?????????????????? ??????????????????????????????? | | ?????????????????? ??????????????????????????????? | | ?????????????????? ?????????????????????????????? | | ?????????????????? ????????????????????????????? | | ???????????????#### ????????????????????????????? | | ??????????????## # * ????????????????????????????? | | ???????????##?? %&#??###??????????????????????? | | ???????????? "## ! #?? ##?????????????????????? | | ?????????????# #" #?? #?????????????????????? | | ?????????????# # ##?# #?????????????????????? | | ???????????????#< # ### #?????????????????????? | | ?????????????### #?????????????????????? | | ???????????### @ #?????????????????????? | | ???????????# ##?????????????????????? | | ???????????# ##??????????????????????? | | ???????????## % #???????????????????????? | | ????????????# ### RR###?????????????????????? | | ?????????????????# #??????????????? "#???? | | ?????????????????## " "#??????????????? ""##?? | | ????????????????### #????????? #####""" ## | | ????????????????# <<& ##??????? %!"" " """"# | | ????????????????## " ##??>??? &%%%= | | ????????????????# ### #???????? [&" """# | | ????????????????## ## ##?????????????# ### | | ????????????????# ##### #???????????????# | | ????????????????# ## ###?????????????# | | ???????????###### # #?????????????# | | ???????????# ### #?????????##??## # | | ???????????# ### # ## #????????## ####### | | ???????????# ##### ## #????????# ### | | ???????????# #### ### ###????????# ### | | ???????????## # #?###?????????## ## | | ????????????## #????????????## # | | ?????????????## #????????##### ## | | ???????????##?## #???????## ## | | ???????????# ### #???????# ?# | | ???????????# ## #???????# ## | +----------------------------------------------------+ Best States ------------- Heat Dissipation 25 Energy Generation 14 Energy Capacity 250 Matter Stores 300 Matter Capacity 300 Sight Range 16 Terrain Scan Range 16 Terrain Scan Density 10 Armor Coverage 150 Evasion (%) 55 Recoil Reduction 2 Item Schematics ----------------- None Robot Schematics ------------------ None Fabricated ------------ Nothing Repaired ---------- Lgt. Cannon | 63% | -10/Materials Studied --------- None Alien Tech Used ----------------- None Achievements -------------- None Challenges ------------ None Game ------ Seed InertialDecoyCleaver Manual? 0 Play Time 00:25:23 Cumulative 776.4 hours Start 2025.12.06 @ 16:50:51 End 2025.12.06 @ 17:15:42 Sessions 1 Manual Loads 0 Difficulty Rogue Special Mode None Game No. 540 Rogue 540 Adventurer 0 Explorer 0 Win Type - Total 1 Types 1/0/0/0/0/0/0/0/0/0 Lore% 76 Gallery% 70 Achievement% 50 Wizard Run 0 Options --------- Layout 1 ASCII 0 Keyboard 0 Movement Mouse Keybinds 0 Fullscreen 1 Font 20/SmallcapsGlow Map View 54x42 Zoom Use 0% Tactical HUD 1 Map Filters NONE Filters NONE Steam 1 RUN: d7332703-11ee-4c5b-ab01-689db53259f0